 Dungeon Crawl Stone Soup version 0.30-a0-1035-g38d5fb2972 (webtiles) character file.

Game seed: 3901373739619970240

1003 BlueFish the Stinger (level 8, -3/51 HPs)
             Began as an Octopode Venom Mage on Apr 8, 2023.
             Was a Believer of Cheibriados.
             Slain by Grinder (6 damage)
             ... on level 5 of the Dungeon.
             The game lasted 00:11:57 (6546 turns).

BlueFish the Stinger (Octopode Venom Mage)          Turns: 6546, Time: 00:11:57

Health: -3/51      AC:  1    Str: 20    XL:     8   Next: 20%
Magic:  2/12       EV: 19    Int: 21    God:    Cheibriados [**....]
Gold:   243        SH:  0    Dex: 16    Spells: 6/13 levels left

rFire   . . .      SeeInvis .      - Unarmed
rCold   . . .      Faith    .    (no shield)
rNeg    . . .      Spirit   .    (helmet restricted)
rPois   .          Reflect  .    (no amulet)
rElec   .          Rampage  .    d - +5 ring of evasion
rCorr   .                        h - +6 ring of strength
Will    .....                    (no ring)
Stlth   ++++                     (no ring)
HPRegen 0.28/turn                (no ring)
MPRegen 0.13/turn                (no ring)
                                 (no ring)
                                 (no ring)

@: very slow
A: almost no armour, amphibious, 8 rings, camouflage 1, gelatinous body 1,
(nimble swimmer 1), tentacles
a: Renounce Religion, Bend Time


You were on level 5 of the Dungeon.
You worshipped Cheibriados.
Cheibriados was pleased with you.
You visited 1 branch of the dungeon, and saw 5 of its levels.

You collected 243 gold pieces.

Inventory:

Missiles
 k - 6 boomerangs
 q - 33 stones
Jewellery
 d - a +5 ring of evasion (left tentacle)
 h - a +6 ring of strength (right tentacle)
Wands
 j - a wand of polymorph (6)
 n - a wand of flame (38)
 p - a wand of charming (4)
Scrolls
 e - a scroll of amnesia {unknown}
 f - a scroll of magic mapping {unknown}
 g - 3 scrolls of blinking {unknown}
 s - a scroll of butterflies {unknown}
 u - a scroll of poison {unknown}
 v - a scroll of immolation {unknown}
 w - a scroll of fear {unknown}
Potions
 a - a potion of magic
 b - a potion of flight
 c - 5 potions of curing
 i - 2 potions of might
 l - 3 potions of cancellation
 m - a potion of berserk rage
 o - a potion of ambrosia {unknown}
 r - a potion of lignification {unknown}
 t - a potion of heal wounds {unknown}


   Skills:
 + Level 2.8 Fighting
 + Level 2.0 Throwing
 + Level 3.4 Dodging
 + Level 5.0 Stealth
 + Level 2.4 Unarmed Combat
 + Level 3.3 Spellcasting
 + Level 2.9 Transmutations
 + Level 2.2 Air Magic
 + Level 5.1 Poison Magic
 + Level 2.2 Invocations
 + Level 2.2 Evocations


You had 6 spell levels left.
You knew the following spells:

 Your Spells              Type           Power      Damage    Failure   Level
a - Sting                 Tmut/Pois      80%        1d7       2%          1
b - Poisonous Vapours     Pois/Air       36%        N/A       4%          2
c - Olgreb's Toxic Radia  Pois           24%        N/A       16%         4

Your spell library contained the following spells:

 Spells                   Type           Power      Damage    Failure   Level
 Mephitic Cloud           Conj/Pois/Air  13%        N/A       14%         3
 Dazzling Flash           Conj/Hex       6%         N/A       36%         3
 Silence                  Hex/Air        4%         N/A       92%         5
 Freezing Cloud           Conj/Ice/Air   3%         6-21      95%         5
 Agony                    Necr           3%         N/A       98%         5


Dungeon Overview and Level Annotations

Branches:
Dungeon (5/15)             Temple (0/1) D:4

Altars:
Cheibriados
Fedhas
Hepliaklqana
Ru

Shops:
D:1 [

Annotations:
D:5 Grinder


Innate Abilities, Weirdness & Mutations

You cannot wear most types of armour.
You are amphibious.
You can wear up to eight rings at the same time.
Your skin changes colour to match your surroundings (Stealth+).
Your rubbery body absorbs attacks. (AC +1, EV +1)
((You are camouflaged when in or above water. (Stealth+)))
You have tentacles for arms and can constrict up to eight enemies at once.


Message History

Grinder is moderately wounded.
Grinder hits you.
You writhe in agony.
Casting: Sting (safe; 2% risk of failure)
Confirm with . or Enter, or press ? or * to list all spells.
Aiming: Sting (safe; 2% risk of failure)
Press: ? - help, Shift-Dir - straight line, f/p - Grinder
Aim: Grinder (moderately wounded, very poisoned, 73% to hit)
The sting hits Grinder.
Grinder partially resists.
Grinder looks even sicker.
Grinder is moderately wounded.
Grinder barely misses you.
Casting: Sting (safe; 2% risk of failure)
Confirm with . or Enter, or press ? or * to list all spells.
Aiming: Sting (safe; 2% risk of failure)
Press: ? - help, Shift-Dir - straight line, f/p - Grinder
Aim: Grinder (moderately wounded, very poisoned, 73% to hit)
The sting hits Grinder.
Grinder looks as sick as possible!
Grinder is moderately wounded.
Grinder gestures at you. You resist with some effort.
You tentacle-slap Grinder. Your grab misses Grinder.
Grinder is heavily wounded.
Grinder hits you!
You writhe in agony.
A white imp comes into view.
You closely miss Grinder. Your grab misses Grinder.
Grinder is heavily wounded.
Grinder gestures at you.
You suddenly lose the ability to move!
Your magical contamination has completely faded away.
Grinder gestures at you. Pain shoots through your body!
Grinder blinks!
Grinder hits you.
* * * LOW HITPOINT WARNING * * *
You writhe in agony.
* * * LOW HITPOINT WARNING * * *
You can move again.
Grinder hits you.
* * * LOW HITPOINT WARNING * * *
You writhe in agony.
You die...

# ##. # ..# # #.# # #.# # #.# #
#### #.# # ##..### #5# ...#
#.....## #@# ...# #......####5#
#..## # ##......)##..### #...#
#####........#.....#### #...#
...##......#...#......#### #....
##...........###.##......####....
###........####......###........
##.......###...)...######.....
##.....##..........# ####..


You could see Grinder (very poisoned) and a white imp.

Vanquished Creatures
  Sigmund (D:5)
  Edmund (D:4)
  An ice beast (D:5)
  A black bear (D:4)
  2 scorpions
  A howler monkey (D:5)
  A hound (D:4)
  A gnoll bouda (D:3)
  2 orc priests (D:5)
  2 iguanas
  5 gnolls (D:4)
  8 adders
  A shadow imp (D:3)
  4 worms (D:2)
  2 dart slugs
  3 orcs
  9 ball pythons
  2 bats (D:2)
  4 endoplasms (D:3)
  4 giant cockroaches
  3 goblins
  7 hobgoblins
  8 jackals
  2 quokkas (D:1)
  6 frilled lizards
  5 kobolds
  5 rats
91 creatures vanquished.

Notes
Turn   | Place    | Note
-------+----------+-------------------------------------------
     0 | D:1      | BlueFish the Octopode Venom Mage began the quest for the
                  | Orb.
     0 | D:1      | Reached XP level 1. HP: 11/11 MP: 3/3
   166 | D:1      | Reached XP level 2. HP: 11/18 MP: 0/5
   169 | D:1      | Learned a level 2 spell: Poisonous Vapours
   821 | D:1      | Reached XP level 3. HP: 15/22 MP: 1/6
   915 | D:1      | Found Amyim's Antique Armour Boutique.
  1086 | D:2      | HP: 1/22 [poisoned by an adder]
  1087 | D:2      | Reached skill level 1 in Fighting
  1669 | D:2      | Reached XP level 4. HP: 28/28 MP: 0/7
  1677 | D:2      | Learned a level 4 spell: Olgreb's Toxic Radiance
  1816 | D:2      | Reached skill level 1 in Unarmed Combat
  2214 | D:2      | Found a snail-covered altar of Cheibriados.
  2223 | D:2      | Became a worshipper of Cheibriados the Contemplative
  3249 | D:3      | Reached * piety under Cheibriados
  3420 | D:3      | Found a sacrificial altar of Ru.
  3487 | D:3      | Reached XP level 5. HP: 18/33 MP: 6/8
  4219 | D:4      | Found a hazy altar of Hepliaklqana.
  4225 | D:4      | Reached skill level 1 in Air Magic
  4225 | D:4      | Reached skill level 1 in Evocations
  4225 | D:4      | Reached XP level 6. HP: 30/39 MP: 7/10
  4330 | D:4      | Reached skill level 1 in Invocations
  4503 | D:4      | Noticed a black bear
  4512 | D:4      | Killed a black bear
  4513 | D:4      | Reached skill level 1 in Throwing
  4723 | D:4      | Found a staircase to the Ecumenical Temple.
  4783 | D:4      | Found a blossoming altar of Fedhas.
  4817 | D:4      | Noticed Edmund
  5067 | D:4      | Killed Edmund
  5068 | D:4      | Reached XP level 7. HP: 9/45 MP: 1/11
  5219 | D:5      | Entered Level 5 of the Dungeon
  5294 | D:5      | Reached ** piety under Cheibriados
  5895 | D:5      | Noticed Sigmund
  5942 | D:5      | Killed Sigmund
  5943 | D:5      | Reached skill level 5 in Poison Magic
  5943 | D:5      | Reached XP level 8. HP: 20/51 MP: 1/12
  6131 | D:5      | Reached skill level 5 in Stealth
  6526 | D:5      | Noticed Grinder
  6542 | D:5      | Paralysed by Grinder for 4 turns
  6546 | D:5      | Slain by Grinder

Illustrated notes

Levels and vault maps discovered:
D:1:      reono_arrival_forest_river, layout_loops_ring, serial_shops, shop
D:2:      layout_basic, basic_altar, minmay_tall_x
D:3:      layout_basic, mainiacjoe_overflow_brackets, serial_glass,
          glass_columns_a, glass_columns_a, due_unseen_surprise,
          feat_on_display, feat_on_display
D:4:      layout_cave_pools, lemuel_tele_altar, old_standard_altar,
          minmay_temple_entry_enclosed_plants, uniq_edmund
D:5:      layout_cave_pods, uniq_sigmund, uniq_grinder

Skill      XL: |  1  2  3  4  5  6  7  8 |
---------------+-------------------------+-----
Stealth        | 3 4 5 |  5.0
Fighting       | 1 2 |  2.8
Poison Magic   | 4 5 |  5.1
Unarmed Combat | 1 2 |  2.4
Transmutations | 2 |  2.9
Air Magic      | 1 2 |  2.2
Evocations     | 1 2 |  2.2
Invocations    | 1 2 |  2.2
Throwing       | 1 2 |  2.0
Dodging        | 3 |  3.4
Spellcasting   | 3 |  3.3

Action                     |  1- 3 |  4- 6 |  7- 9 || total
---------------------------+-------+-------+-------++-------
  Melee: Unarmed           |    59 |    61 |    28 ||   148
         Constrict         |    16 |    22 |     5 ||    43
         Tentacles         |     9 |    22 |    10 ||    41
         Punch             |     1 |     1 |     1 ||     3
   Cast: Sting             |    26 |    38 |    24 ||    88
         Poisonous Vapours |    19 |    54 |    26 ||    99
    Use: Potion            |     1 |       |       ||     1
         Scroll            |       |     1 |     5 ||     6
   Stab: Sleeping          |     2 |       |       ||     2
 Armour: Skin              |     3 |     1 |     1 ||     5
  Dodge: Dodged            |    38 |    39 |    23 ||   100

Table legend: (Time is in decaauts)
 A = Elapsed time spent in this place.
 B = Non-inter-level travel time spent in this place.
 C = Inter-level travel time spent in this place.
 D = Time resting spent in this place.
 E = Time spent auto-exploring this place.
 F = Levels seen in this place.
 G = Mean time per level.
                   A        B        C        D        E       F      G
               +--------+--------+--------+--------+--------+-----+--------+
         Total |   7421 |   7092 |    329 |     89 |   6107 |   5 | 1484.2 |
       Dungeon |   7421 |   7092 |    329 |     89 |   6107 |   5 | 1484.2 |
               +--------+--------+--------+--------+--------+-----+--------+

Top non-repeatable levels by time:
     D:2: 1898 daAuts
     D:5: 1600 daAuts
     D:4: 1451 daAuts
     D:3: 1293 daAuts
     D:1: 1177 daAuts
